Map: Undercurrent LE

Players

pudding - Winner!

  • Race: Zerg Zerg
  • League: Platinum
  • Spawn Location: 3:00

EarlBoykins - Winner!

  • Race: Zerg Zerg
  • Spawn Location: 1:00

Nyck

  • Race: Terran Terran
  • Spawn Location: 7:00

Ekelpack

  • Race: Zerg Zerg
  • Spawn Location: 7:00

VOD

Have the link to the VOD?

Description

Time

  • Played on: Nov. 27, 2024, 2:53 p.m.
  • Length: 9:34
Show
View Real Time Build Order
Export as new Build Order

pudding Zerg - Winner!

Build Orders: 3 Hatch before Pool 

Get SALT Encoding   

  12  0:00  Drone  
  13  0:12  Overlord  
  13  0:18  Drone  
  14  0:31  Drone  
  15  0:48  Hatchery, Drone  
  15  1:12  Hatchery  
  15  1:14  Drone  
  15  1:28  Spawning Pool  
  14  1:35  Extractor  
  13  1:43  Drone x2  
  13  1:44  Drone  
  16  2:16  Zergling x10  
  16  2:21  Zergling x2  
  22  2:23  Queen  
  22  2:26  Zergling x2  
  25  2:32  Zergling x4  
  27  2:37  Zergling x2  
  27  2:43  Metabolic Boost  
  28  2:55  Zergling x6  
  31  3:07  Baneling Nest  
  30  3:14  Overlord  
  30  3:20  Drone x2  
  32  3:36  Zergling x4  
  32  3:37  Zergling x4  
  33  3:50  Zergling x6  
  32  4:06  Zergling x10  
  35  4:15  Spine Crawler  
  34  4:25  Spine Crawler  
  33  4:33  Drone  
  33  4:34  Drone x2  
  32  4:50  Zergling x6  
  32  4:51  Zergling x2  
  32  4:54  Drone x2  
  34  5:04  Drone x2  
  25  5:36  Drone x9  
  25  5:37  Drone x2  
  35  5:55  Lair  
  35  5:59  Zergling x10  
  35  6:03  Drone  
  35  6:04  Drone  
  42  6:13  Overlord x2  
  42  6:17  Baneling x2  
  42  6:19  Overlord  
  42  6:22  Baneling x4  
  42  6:29  Overlord  
  42  6:30  Overlord  
  41  6:43  Zergling x10  
  41  6:44  Zergling x4  
  41  6:46  Baneling x2  
  47  6:50  Zergling x8  
  51  6:57  Centrifugal Hooks  
  51  6:58  Zergling x6  
  54  7:10  Drone x3  
  54  7:14  Spire  
  56  7:15  Drone  
  56  7:19  Drone x2  
  56  7:21  Baneling  
  59  7:25  Queen  
  61  7:33  Drone x5  
  61  7:37  Drone  
  67  7:39  Extractor  
  67  7:40  Extractor  
  67  7:41  Extractor, Drone x2  
  66  7:49  Drone x3  
  69  7:53  Queen  
  71  8:15  Overlord x2  
  71  8:21  Drone x2, Overlord  
  71  8:22  Overlord x2  
  71  8:25  Spore Crawler  
  71  8:26  Spore Crawler  
  71  8:27  Spore Crawler  
  71  8:32  Overlord  
  71  8:33  Overlord  
  70  8:42  Mutalisk x5  
  70  8:46  Drone x2  
  70  8:47  Drone  
  83  8:56  Mutalisk  
  85  9:06  Spore Crawler  
Show
View Real Time Build Order
Export as new Build Order

EarlBoykins Zerg - Winner!

Build Orders: Hatch First, Roach Hydra 

Get SALT Encoding   

  12  0:18  Overlord  
  12  0:20  Drone x2  
  14  0:36  Drone  
  15  0:49  Hatchery  
  14  0:55  Drone x2  
  16  1:03  Drone  
  16  1:04  Extractor  
  16  1:13  Drone  
  17  1:28  Overlord  
  17  1:35  Spawning Pool  
  17  1:38  Drone  
  17  1:54  Drone  
  17  2:01  Drone  
  19  2:02  Drone  
  20  2:11  Drone  
  20  2:12  Drone  
  22  2:18  Drone  
  22  2:22  Queen x2  
  23  2:25  Drone  
  28  2:36  Roach Warren  
  27  2:37  Drone  
  27  2:40  Drone  
  27  2:43  Drone  
  30  2:45  Drone  
  30  2:49  Drone  
  32  2:53  Evolution Chamber  
  32  2:55  Drone  
  32  3:00  Drone  
  34  3:05  Drone  
  34  3:06  Spore Crawler  
  34  3:12  Spore Crawler  
  32  3:15  Lair  
  32  3:18  Roach  
  34  3:21  Roach  
  34  3:26  Overlord  
  36  3:36  Zerg Missile Weapons Level 1  
  36  3:44  Overlord  
  36  3:48  Drone x4  
  40  3:56  Extractor  
  40  3:59  Evolution Chamber, Roach  
  40  4:05  Roach  
  40  4:06  Roach  
  40  4:08  Drone  
  45  4:14  Roach  
  45  4:15  Drone x4  
  51  4:17  Drone  
  51  4:19  Spine Crawler  
  51  4:21  Extractor  
  50  4:31  Drone x2  
  52  4:37  Glial Reconstitution  
  52  4:45  Overlord  
  52  4:59  Overlord  
  52  5:00  Overlord  
  52  5:05  Roach x4  
  60  5:09  Extractor  
  60  5:11  Hydralisk Den  
  60  5:13  Roach  
  60  5:15  Overlord  
  60  5:18  Drone  
  61  5:25  Zerg Ground Armor Level 1  
  62  5:28  Drone x2  
  62  5:31  Drone  
  62  5:32  Drone  
  62  5:34  Hatchery  
  62  5:35  Drone  
  65  5:36  Drone  
  65  5:38  Drone  
  65  5:41  Drone  
  68  5:57  Muscular Augments  
  68  5:58  Hydralisk  
  68  5:59  Hydralisk  
  68  6:01  Drone  
  68  6:02  Drone x3  
  76  6:11  Hydralisk x2  
  76  6:13  Hydralisk  
  76  6:15  Drone  
  76  6:17  Drone  
  82  6:34  Hydralisk  
  82  6:40  Hydralisk  
  82  6:46  Drone x6  
  90  6:47  Overlord  
  90  6:53  Overlord x2  
  90  6:55  Zerg Missile Weapons Level 2  
  90  6:56  Overlord  
  90  6:57  Pneumatized Carapace  
  90  7:00  Grooved Spines  
  90  7:06  Spore Crawler  
  90  7:07  Queen  
  91  7:09  Hydralisk x2  
  91  7:11  Drone x2  
  97  7:24  Hydralisk x3  
  103  7:32  Drone x2  
  103  7:34  Extractor  
  103  7:35  Extractor, Drone  
  104  7:37  Hydralisk, Nydus Network  
  104  7:43  Hydralisk x2  
  109  7:44  Hydralisk  
  109  7:46  Drone  
  112  7:51  Infestation Pit  
  111  7:59  Drone x5  
  111  8:00  Drone  
  117  8:11  Lurker Den  
  116  8:17  Spore Crawler  
  115  8:20  Spore Crawler  
  115  8:22  Spine Crawler  
  115  8:23  Hydralisk x2  
  115  8:26  Hydralisk x2  
  115  8:27  Hydralisk  
  116  8:33  Spore Crawler  
  121  8:34  Spore Crawler  
  121  8:38  Hydralisk  
  121  8:40  Overlord x3  
  122  8:44  Nydus Canal  
  122  8:56  Overlord x4  
  122  9:04  Nydus Canal  
  122  9:07  Hydralisk x3  
  132  9:21  Drone  
  132  9:22  Drone  
Show
View Real Time Build Order
Export as new Build Order

Nyck Terran 

Build Orders:  

Get SALT Encoding   

  12  0:00  SCV  
  13  0:12  SCV  
  14  0:17  Supply Depot  
  14  0:24  SCV  
  15  0:39  SCV  
  15  0:41  Barracks  
  16  0:51  SCV  
  16  0:56  Refinery  
  17  1:03  SCV  
  18  1:15  SCV  
  19  1:32  Orbital Command  
  19  1:38  Barracks  
  19  1:39  Barracks Tech Lab  
  19  1:59  Command Center  
  19  2:02  Marine  
  20  2:10  Combat Shield  
  20  2:12  SCV  
  21  2:16  Supply Depot  
  21  2:22  Marine  
  22  2:28  Barracks Reactor  
  22  2:33  SCV  
  23  2:46  SCV  
  23  2:50  Refinery  
  24  2:51  Marine  
  25  3:01  Supply Depot  
  25  3:02  SCV  
  25  3:05  Marine x2  
  27  3:09  Marine  
  29  3:14  SCV  
  30  3:23  Marine x2  
  32  3:27  Marine  
  32  3:29  Stimpack  
  33  3:39  SCV  
  34  3:53  Marine x3  
  37  4:05  Orbital Command  
  37  4:11  Marine x3  
  40  4:18  Factory  
  40  4:20  SCV  
  40  4:22  Engineering Bay  
  41  4:35  Marine x2  
  41  4:36  Marine  
  44  4:49  SCV x2  
  46  4:53  Terran Infantry Weapons Level 1, Marine x3  
  46  4:55  Engineering Bay  
  49  5:01  SCV x2  
  51  5:09  Refinery  
  51  5:11  Refinery  
  51  5:13  SCV  
  51  5:14  SCV  
  53  5:25  SCV  
  54  5:33  Starport  
  54  5:36  Terran Infantry Armor Level 1  
  54  5:38  Armory  
  54  5:39  Factory Reactor  
  54  5:44  Supply Depot  
  54  6:05  SCV x2, Marine x3  
  54  6:06  Supply Depot  
  59  6:17  SCV  
  59  6:18  SCV  
  61  6:23  Marine  
  62  6:29  Supply Depot  
  62  6:30  SCV x2  
  57  6:42  SCV x2  
  57  6:46  Marine x2  
  57  6:47  Marine  
  61  6:51  Supply Depot  
  61  6:54  SCV x2  
  64  6:55  Medivac  
  64  6:56  Medivac  
  64  7:00  Terran Infantry Weapons Level 2  
  68  7:02  Terran Vehicle And Ship Armor Level 1  
  68  7:06  SCV x2  
  70  7:10  Barracks  
  70  7:12  Barracks  
  70  7:16  Barracks  
  70  7:18  Barracks, Command Center  
  70  7:25  Medivac  
  70  7:26  Medivac, Bunker  
  70  7:27  SCV x2  
  76  7:39  SCV  
  76  7:40  Supply Depot  
  76  7:41  Supply Depot  
  77  8:03  Barracks  
  77  8:06  Bunker  
  77  8:08  Marine x3  
  77  8:12  SCV x2  
  82  8:18  Barracks Tech Lab x2  
  82  8:19  Barracks Tech Lab x2  
  82  8:23  Ghost Academy  
  82  8:27  SCV  
  82  8:29  Ghost Academy  
  82  8:30  Supply Depot  
  82  8:32  Supply Depot  
  83  8:34  Medivac x2  
  87  8:54  Supply Depot  
  87  8:59  Command Center  
Show
View Real Time Build Order
Export as new Build Order

Ekelpack Zerg 

Build Orders: Hatch First 

Get SALT Encoding   

  12  0:00  Drone  
  13  0:12  Overlord  
  13  0:17  Drone  
  14  0:31  Drone  
  15  0:45  Hatchery  
  15  0:47  Drone  
  15  1:02  Spawning Pool  
  14  1:05  Drone  
  15  1:11  Extractor, Drone  
  15  1:15  Drone  
  16  1:19  Drone  
  17  1:29  Drone  
  18  1:41  Drone  
  19  1:51  Queen  
  19  1:53  Zergling x2  
  22  2:03  Drone  
  22  2:06  Drone  
  24  2:13  Queen  
  26  2:17  Roach Warren  
  25  2:26  Drone x2  
  27  2:34  Drone  
  28  2:47  Evolution Chamber  
  28  2:48  Drone  
  28  3:02  Overlord  
  28  3:07  Overlord  
  28  3:13  Zerg Missile Weapons Level 1  
  28  3:22  Roach x4  
  28  3:24  Overlord  
  28  3:27  Roach x4  
  43  3:55  Drone x4  
  45  3:56  Drone  
  45  4:01  Extractor  
  47  4:03  Drone x3  
  47  4:05  Lair  
  47  4:06  Extractor  
  50  4:10  Drone x2  
  50  4:15  Overlord  
  51  4:20  Extractor  
  50  4:27  Roach  
  50  4:36  Drone x3  
  38  4:52  Drone  
  38  4:53  Drone x3  
  41  5:03  Drone x2  
  41  5:04  Drone  
  44  5:11  Drone x3  
  47  5:19  Queen  
  45  5:44  Glial Reconstitution  
  45  5:48  Drone x3  
  45  5:49  Drone x5  
  53  6:05  Drone  
  54  6:16  Spire  
  53  6:19  Drone x2  
  53  6:49  Roach x2  
  53  6:50  Roach  
  53  6:51  Overlord x3  
  59  7:00  Drone  
  60  7:02  Overlord  
  60  7:15  Roach x6  
  72  7:31  Mutalisk x5  
  72  7:35  Zerg Flyer Weapons Level 1  
  72  7:36  Hatchery  
  81  7:49  Drone x2  
  83  7:54  Drone x2  
  85  8:04  Mutalisk x2  
  85  8:05  Mutalisk, Overlord  
  91  8:36  Roach x4  
  91  8:37  Overlord x3  
  99  8:45  Overlord  
  99  8:57  Roach x3  
  99  8:58  Roach  
Tags
 
Add a new tag
Caveats
  • Supply blocks, unpowered buildings, or Contaminate may cause inaccurate times.
  • Supply counts are checked every 10 seconds.